 Dungeon Crawl Stone Soup version 0.32-a0-814-g0968bab981 (webtiles) character file.

Game seed: 1542334283630430275

5177 retardedninja the Fighter (level 10, -13/76 HPs)
             Began as a Coglin Fighter on Mar 20, 2024.
             Was a Believer of Hepliaklqana.
             Mangled by a two-headed ogre
             ... wielding a +0 giant club
              (19 damage)
             ... on level 8 of the Dungeon on Mar 22, 2024.
             The game lasted 00:17:49 (8791 turns).

retardedninja the Fighter (Coglin Fighter)          Turns: 8791, Time: 00:17:49

Health: -13/76     AC: 19    Str: 21    XL:     10   Next: 60%
Magic:  10/10      EV:  5    Int:  7    God:    Hepliaklqana [**....]
Gold:   460        SH:  0    Dex: 14    Spells: 9/9 levels left

rFire   . . .        a - +0 war axe {Rupprecht}
rCold   . . .        m - +4 flail {Isabel}
rNeg    . . .        B - +2 plate armour
rPois   .            u - +0 helmet
rElec   .            k - +0 cloak
rCorr   .            p - +0 pair of gloves
SInv    .            (no boots)
Will    .....        (amulet unavailable) Stlth
                     (ring unavailable)
HPRegen 0.32/turn    (ring unavailable)
MPRegen 0.12/turn    (no gizmo)

%: no passive effects
@: mighty, attractive, hasted, very quick
A: reduced essence, off-hand wielding, slow wielding, warmup strikes, no
jewellery
a: Invent Gizmo, Renounce Religion, Recall Ancestor, Ancestor Identity


You were on level 8 of the Dungeon.
You worshipped Hepliaklqana.
Hepliaklqana was pleased with you.
You visited 2 branches of the dungeon, and saw 11 of its levels.
You also visited: Bailey.

You collected 460 gold pieces.

Inventory:

Hand Weapons
 a - a +0 war axe (weapon) {Rupprecht}
 m - a +4 flail (offhand) {Isabel}
Armour
 k - a +0 cloak (worn)
 p - a +0 pair of gloves (worn)
 u - a +0 helmet (worn)
 B - a +2 plate armour (worn)
Wands
 r - a wand of paralysis (7)
 x - a wand of mindburst (10)
 C - a wand of iceblast (9)
Scrolls
 b - 5 scrolls of vulnerability
 e - a scroll of amnesia {unknown}
 f - a scroll of fog
 g - 2 scrolls of fear {unknown}
 h - a scroll of summoning {unknown}
 j - 3 scrolls of teleportation
 l - 2 scrolls of immolation {unknown}
 q - 2 scrolls of enchant armour
 s - a scroll of blinking {unknown}
 w - 3 scrolls of poison
 y - a scroll of enchant weapon {unknown}
 z - a scroll of identify
Potions
 c - 2 potions of magic
 n - a potion of lignification {unknown}
 t - a potion of degeneration
 v - 2 potions of enlightenment
 D - 2 potions of curing {unknown}


   Skills:
 * Level 10.3 Fighting
 * Level 10.0 Axes
 + Level 6.8 Armour
 - Level 2.1 Shields


You had 9 spell levels left.
You didn't know any spells.
Your spell library contained the following spells:

 Spells                   Type           Power      Damage    Failure   Level
 Tukima's Dance           Hex            0%         N/A       100%        3
 Brom's Barrelling Bould  Conj/Erth      0%         2d3       100%        4
 Passage of Golubria      Tloc           0%         N/A       100%        4
 Fireball                 Conj/Fire      0%         3d3       100%        5
 Iskenderun's Battlesphe  Conj           0%         2d6       100%        5
 Yara's Violent Unravell  Hex/Alch       0%         3d3       100%        5
 Conjure Ball Lightning   Conj/Air       0%         3x3d6     100%        6
 Orb of Destruction       Conj           0%         9d5       100%        7


Dungeon Overview and Level Annotations

Branches:
Dungeon (10/15)            Temple (1/1) D:6             Orc (0/2) D:10
 Bailey (visited)
   Lair: D:8-11

Altars:
Ashenzari
Cheibriados
Dithmenos
Elyvilon
Fedhas
Hepliaklqana
Kikubaaqudgha
Makhleb
Nemelex Xobeh
Sif Muna
Trog
Uskayaw
Vehumet
Wu Jian
Xom
Yredelemnul
Zin
The Shining One

Shops:
D:7 =   D:8 *


Innate Abilities, Weirdness & Mutations

Your life essence is reduced to manifest your ancestor. (-10% HP)
You can wield a second weapon in your off-hand.
It takes a long time for you to wield or remove held weapons.
Your first few attacks do less damage.
You cannot equip rings or amulets.


Message History

You slice the centaur with your +0 war axe!!
The centaur is almost dead.
You hit the yak with your +0 war axe. You slash the yak with your +0 war axe!
You hit the yak with your +0 war axe.
You sock the centaur with your +4 flail!
You kill the centaur!
The yak gores you but does no damage. x2
Found a scroll labelled CESOOTAAWN.
The yak attacks as it pursues you! The yak gores you but does no damage.
Nenkenn hits the yak with a +0 quarterstaff!
The yak dies!
The yak is attracted toward you.
Your Axes skill increases to level 10!
The yak attacks as it pursues you! The yak gores you but does no damage.
The yak attacks as it pursues you! The yak gores you but does no damage.
The yak is attracted toward you.
Found a short sword.
Found a morningstar.
The yak is attracted toward you. The yak is attracted toward you.
The yak attacks as it pursues you! The yak gores you but does no damage.
The yak attacks as it pursues you! The yak gores you but does no damage.
The yak is attracted toward you. The yak is attracted toward you.
The yak is attracted toward you. The yak is attracted toward you.
The yak is attracted toward you.
Found a pair of boots and 14 gold pieces.
The yak is attracted toward you. The yak is attracted toward you.
The yak attacks as it pursues you! The yak barely misses you.
The yak attacks as it pursues you! The yak gores you but does no damage.
The yak is attracted toward you. x2
A two-headed ogre comes into view. It is wielding two +0 giant clubs.
The two-headed ogre is attracted toward you.
The yak is attracted toward you.
The two-headed ogre is attracted toward you.
The yak attacks as it pursues you! The yak barely misses you.
The two-headed ogre hits you with a +0 giant club!!
You die...
Hepliaklqana delivers you to your ancestors.

#§#####.#.#
#Y.## ..#.#
#§.[#...#.#
#§ß.#)ß.#.#
#..$# #§Y##
#§#####.#
#YO.....#
#@..§...#
##....§..
#######


You could see a two-headed ogre and 2 yaks.

Vanquished Creatures
  An orc knight (Bailey)
  A wyvern (D:7)
  Sigmund (D:2)
  A wraith (D:10)
  Menkaure (D:4)
  11 orc warriors
  2 ice beasts
  3 ogres
  2 centaurs (D:8)
  A bullfrog (D:6)
  Blork the orc (D:4)
  7 wights (D:7)
  2 killer bees (D:8)
  3 electric eels (D:6)
  3 hounds
  2 jellies
  An orc priest (D:5)
  7 iguanas
  A sleepcap (D:7)
  A gnoll bouda (D:8)
  Natasha (thrice) (D:3)
  6 orc wizards
  Terence (D:2)
  Robin (D:3)
  10 gnolls
  6 adders
  3 white imps (D:6)
  2 ufetubi (D:6)
  4 dart slugs
  15 orcs
  12 ball pythons
  5 bats
  8 endoplasms
  4 giant cockroaches
  13 goblins
  15 hobgoblins
  8 jackals
  8 kobolds
  8 quokkas
  2 frilled lizards (D:1)
  5 rats
191 creatures vanquished.

Vanquished Creatures (collateral kills)
  2 yaks (D:8)
  A sky beast (D:7)
  2 orc warriors (Bailey)
  A bullfrog (D:7)
  A wight (D:7)
  4 killer bees (D:8)
  An orc priest (D:7)
  A bombardier beetle (D:7)
  6 orcs (Bailey)
19 creatures vanquished.

Vanquished Creatures (others)
  A battlemage (D:8)
  2 ancestors (Bailey)
3 creatures vanquished.

Grand Total: 213 creatures vanquished

Notes
Turn   | Place    | Note
-------+----------+-------------------------------------------
     0 | D:1      | retardedninja the Coglin Fighter began the quest for the
                  | Orb.
     0 | D:1      | Reached XP level 1. HP: 18/18 MP: 1/1
    96 | D:1      | Reached XP level 2. HP: 24/24 MP: 2/2
    96 | D:1      | Found a faded altar of an unknown god.
    98 | D:1      | Noticed a shining eye
    98 | D:1      | Noticed an eye of devastation
   105 | D:1      | Noticed a shining eye
   113 | D:1      | Noticed a glass eye
   414 | D:1      | Reached XP level 3. HP: 29/29 MP: 3/3
  1003 | D:2      | Reached XP level 4. HP: 37/37 MP: 4/4
  1023 | D:2      | Noticed Terence
  1043 | D:2      | Killed Terence
  1188 | D:2      | Noticed Sigmund
  1211 | D:2      | Killed Sigmund
  1212 | D:2      | Reached XP level 5. HP: 32/43 MP: 5/5
  1212 | D:2      | Reached XP level 6. HP: 36/49 MP: 6/6
  1372 | D:1      | Upgraded the game from 0.32-a0-791-gfc315c9ecd to
                  | 0.32-a0-814-g0968bab981
  1689 | D:3      | Reached skill level 5 in Fighting
  1806 | D:3      | Noticed Natasha
  1812 | D:3      | Killed Natasha
  2038 | D:3      | Noticed Robin
  2051 | D:3      | Killed Robin
  2141 | D:3      | Reached XP level 7. HP: 48/56 MP: 7/7
  2169 | D:3      | Noticed Natasha
  2175 | D:3      | Killed Natasha
  2212 | D:3      | Found a glowing golden altar of the Shining One.
  2415 | D:3      | Noticed Natasha
  2420 | D:3      | Killed Natasha
  2475 | D:4      | Noticed Blork the orc
  2482 | D:4      | Killed Blork the orc
  2483 | D:4      | Reached skill level 5 in Axes
  2649 | D:4      | Noticed Menkaure
  2659 | D:4      | Killed Menkaure
  2769 | D:4      | Found a sparkling altar of Nemelex Xobeh.
  2819 | D:4      | Reached XP level 8. HP: 49/65 MP: 8/8
  3372 | D:5      | Entered Level 5 of the Dungeon
  4340 | D:6      | Found an ancient bone altar of Kikubaaqudgha.
  4359 | D:6      | Reached skill level 5 in Armour
  4360 | D:6      | Found a hazy altar of Hepliaklqana.
  4649 | D:6      | Became a worshipper of Hepliaklqana the Forgotten
  5095 | D:6      | Found a staircase to the Ecumenical Temple.
  5145 | Temple   | Entered the Ecumenical Temple
  5289 | D:6      | Reached XP level 9. HP: 28/73 MP: 9/9
  5558 | D:6      | Reached * piety under Hepliaklqana
  5792 | D:7      | Found a flagged portal.
  5810 | Bailey   | Entered a bailey
  6869 | Bailey   | Noticed an orc knight
  7287 | Bailey   | Killed an orc knight
  7288 | Bailey   | Reached XP level 10. HP: 72/74 MP: 10/10
  7709 | D:7      | Found Susag's Jewellery Emporium.
  7818 | D:7      | Reached ** piety under Hepliaklqana
  7826 | D:7      | Remembered your ancestor Nenkenn as a battlemage
  8007 | D:7      | Found a snail-covered altar of Cheibriados.
  8189 | D:8      | Reached skill level 10 in Fighting
  8614 | D:8      | Found Dukkiept's Assorted Antiques.
  8632 | D:8      | You fall into a shaft and drop 2 floors!
  8632 | D:10     | Entered Level 10 of the Dungeon
  8633 | D:10     | Noticed a centaur warrior
  8633 | D:10     | Noticed a seven-headed hydra
  8685 | D:10     | Found a staircase to the Orcish Mines.
  8767 | D:8      | HP: 1/76 [yak (5)]
  8770 | D:8      | Reached skill level 10 in Axes
  8789 | D:8      | Noticed a two-headed ogre
  8791 | D:8      | Mangled by a two-headed ogre

Illustrated notes

Levels and vault maps discovered:
D:1:      lightli_arrival_boilingwater, layout_basic,
          hellmonk_ecumenical_altar_watching_god
D:2:      layout_basic, minmay_hexomino_c4, uniq_terence, uniq_sigmund
D:3:      layout_rooms, nicolae_tso_carved_into_rock,
          nicolae_houndstooth_variations, uniq_robin, uniq_natasha
D:4:      layout_gridville, nemelex_xobeh_ov_fountains_minmay, uniq_menkaure,
          uniq_blork_the_orc
D:5:      layout_gridville
D:6:      layout_basic, nicolae_overflow_squiral,
          minmay_temple_entry_purple_smoke, nrook_uturn
D:7:      layout_basic, slow_altar_2, serial_shops, shop, enter_bailey_2
D:8:      layout_basic, nicolae_gozag_cash_rules_everything_around_me,
          serial_shops, shop, mrwooster_statue_mirror
D:9:      layout_stronghold, nicolae_ru_great_annihilating_truth,
          minmay_alternating_orb, uniq_jeremiah
D:10:     layout_stronghold, general_overflow_altar,
          hellmonk_okawaru_the_only_friend_you_need, orc_0_dummy,
          minmay_fractal_squares_gapless_7, uniq_nergalle
Temple:   hellmonk_temple_forest_ring

Skill      XL: |  1  2  3  4  5  6  7  8  9 10 |
---------------+-------------------------------+-----
Armour         | 3 4 5 6 |  6.8
Axes           | 3 4 5 7 9 10 | 10.0
Fighting       | 4 5 6 7 9 10 | 10.3
Shields        | |  2.1

Action                     |  1- 3 |  4- 6 |  7- 9 | 10-12 || total
---------------------------+-------+-------+-------+-------++-------
  Melee: War axe           |    95 |    78 |   234 |    64 ||   471
         Flail             |       |    58 |   228 |    61 ||   347
 Invoke: Recall Ancestor   |       |       |       |     1 ||     1
         Ancestor Life: Ba |       |       |       |     1 ||     1
  Evoke: Wand              |       |       |    18 |       ||    18
    Use: Scroll            |     3 |       |    13 |     2 ||    18
         Potion            |       |     2 |     5 |     3 ||    10
   Stab: Paralysed         |       |       |     6 |       ||     6
         Distracted        |       |       |     1 |     1 ||     2
 Armour: Scale mail        |    78 |    26 |       |       ||   104
         Chain mail        |       |    54 |   229 |       ||   283
         Plate armour      |       |       |   116 |   106 ||   222
  Dodge: Dodged            |    42 |    34 |   115 |    17 ||   208
  Block: Buckler           |    25 |     8 |       |       ||    33

Table legend: (Time is in decaauts)
 A = Elapsed time spent in this place.
 B = Non-inter-level travel time spent in this place.
 C = Inter-level travel time spent in this place.
 D = Time resting spent in this place.
 E = Time spent auto-exploring this place.
 F = Levels seen in this place.
 G = Mean time per level.
                   A        B        C        D        E       F      G
               +--------+--------+--------+--------+--------+-----+--------+
         Total |   8915 |   8556 |    359 |   1969 |   4923 |  12 |  742.9 |
       Dungeon |   7296 |   6937 |    359 |   1051 |   4549 |  10 |  729.6 |
        Temple |      1 |      1 |      0 |      0 |      0 |   1 |    1.0 |
        Bailey |   1617 |   1617 |      0 |    917 |    374 |   1 | 1617.0 |
               +--------+--------+--------+--------+--------+-----+--------+

Top non-repeatable levels by time:
  Bailey: 1617 daAuts
     D:6: 1562 daAuts
     D:4: 1020 daAuts
     D:2: 894 daAuts
     D:1: 833 daAuts
     D:3: 833 daAuts
     D:5: 723 daAuts
     D:7: 721 daAuts
     D:8: 578 daAuts
    D:10: 84 daAuts
     D:9: 43 daAuts
  Temple: 1 daAuts
